Map: Automaton LE

Players

Lambo - Winner!

  • Race: Zerg Zerg
  • League: Master
  • Spawn Location: 3:00

Guru

  • Race: Zerg Zerg
  • League: Master
  • Spawn Location: 9:00

VOD

Have the link to the VOD?

Description

Time

  • Played on: Dec. 8, 2018, 11:33 a.m.
  • Length: 23:25
Show
View Real Time Build Order
Export as new Build Order

Lambo Zerg - Winner!

Build Orders: Hatch First, Roach Hydra 

Get SALT Encoding   

  12  0:01  Drone  
  13  0:13  Overlord  
  13  0:18  Drone  
  14  0:32  Drone x2  
  16  0:51  Hatchery  
  16  0:52  Drone  
  16  0:57  Drone  
  16  0:59  Drone  
  18  1:12  Extractor  
  18  1:14  Spawning Pool  
  16  1:18  Drone  
  16  1:21  Drone  
  18  1:32  Drone  
  19  1:42  Drone  
  20  1:52  Drone  
  21  2:02  Queen x2  
  21  2:03  Zergling x2  
  21  2:04  Overlord  
  26  2:13  Metabolic Boost  
  26  2:27  Zergling x4  
  26  2:28  Drone x2  
  30  2:43  Baneling Nest  
  30  2:44  Drone x2  
  31  2:55  Drone x2  
  31  2:56  Hatchery  
  32  2:59  Drone  
  33  3:06  Overlord  
  33  3:09  Zergling x2  
  33  3:12  Zergling x4  
  35  3:27  Baneling x3  
  35  3:31  Zergling x8  
  39  3:39  Overlord  
  39  3:43  Drone, Overlord  
  40  3:51  Hatchery  
  40  3:52  Baneling x2  
  37  3:58  Drone  
  38  4:06  Drone x4  
  38  4:08  Drone  
  41  4:12  Drone x6  
  41  4:16  Evolution Chamber  
  46  4:21  Drone  
  47  4:24  Drone  
  47  4:27  Queen  
  47  4:28  Extractor x2  
  48  4:33  Drone  
  48  4:37  Drone  
  50  4:40  Drone x4  
  50  4:42  Zerg Missile Weapons Level 1  
  54  4:48  Roach Warren  
  54  4:49  Drone  
  54  4:56  Zergling x4  
  54  4:57  Drone  
  54  4:58  Lair  
  57  5:03  Overlord  
  56  5:07  Overlord  
  56  5:08  Drone x2  
  56  5:13  Overlord  
  58  5:15  Overlord  
  58  5:16  Drone  
  58  5:19  Drone x2  
  60  5:22  Drone  
  60  5:24  Drone x2  
  63  5:29  Drone x2  
  64  5:43  Roach x5  
  64  5:46  Roach x3  
  80  5:53  Roach x3  
  80  5:54  Overlord  
  80  5:56  Overlord  
  86  6:02  Overlord  
  85  6:05  Overlord  
  85  6:06  Roach x2  
  85  6:09  Glial Reconstitution, Extractor  
  85  6:10  Overseer  
  86  6:15  Overlord  
  86  6:17  Drone x2  
  88  6:20  Overlord  
  88  6:23  Roach  
  90  6:26  Roach x2  
  90  6:30  Roach x2  
  98  6:39  Roach x3  
  104  6:44  Drone x8  
  112  6:47  Roach x2  
  112  6:51  Zerg Missile Weapons Level 2  
  112  6:53  Overseer  
  116  6:56  Drone x5  
  120  7:02  Extractor  
  120  7:03  Pneumatized Carapace  
  120  7:04  Drone x2, Extractor  
  120  7:10  Hydralisk Den  
  120  7:13  Overlord  
  119  7:21  Roach x2  
  119  7:22  Roach x2  
  127  7:27  Overlord x2  
  127  7:29  Roach  
  129  7:33  Overlord  
  129  7:35  Roach x4  
  137  7:40  Overlord x2  
  137  7:42  Grooved Spines  
  137  7:47  Overlord  
  137  7:53  Hydralisk x5  
  137  7:56  Spore Crawler x2  
  137  7:57  Spore Crawler  
  144  8:00  Hydralisk x2, Overlord  
  149  8:05  Drone x2  
  149  8:10  Spore Crawler, Overlord  
  149  8:12  Hydralisk  
  151  8:15  Drone  
  151  8:18  Spore Crawler  
  151  8:20  Hydralisk x2  
  151  8:24  Roach  
  151  8:25  Roach  
  159  8:28  Overlord  
  159  8:29  Overlord  
  159  8:31  Roach  
  159  8:34  Overseer  
  161  8:38  Roach x3  
  167  8:42  Roach x3  
  167  8:44  Roach  
  167  8:47  Roach  
  167  8:48  Roach  
  179  8:53  Muscular Augments  
  179  8:55  Roach x4  
  187  8:59  Hydralisk  
  187  9:00  Hydralisk  
  189  9:03  Hydralisk  
  189  9:07  Spore Crawler  
  189  9:08  Hydralisk  
  188  9:14  Overlord x2  
  186  9:23  Overlord  
  184  9:27  Overlord  
  184  9:28  Zerg Ground Armor Level 1  
  180  9:32  Hydralisk x4  
  180  9:35  Overlord  
  180  9:38  Hydralisk  
  188  9:39  Roach  
  188  9:41  Ravager x3  
  188  9:43  Roach  
  197  9:47  Roach  
  199  9:58  Hydralisk x3  
  199  9:59  Hydralisk x2  
  187  10:03  Hydralisk x2  
  185  10:09  Roach x3  
  185  10:12  Roach  
  189  10:17  Roach x3  
  193  10:22  Roach x2  
  193  10:23  Roach  
  189  10:28  Hydralisk  
  189  10:29  Roach x2  
  191  10:36  Hydralisk  
  191  10:37  Roach x2  
  191  10:41  Roach x2  
  177  10:44  Roach x2  
  177  10:47  Roach  
  152  10:50  Roach  
  152  10:51  Roach  
  152  10:56  Roach x3  
  158  11:02  Roach x2  
  144  11:04  Roach x2  
  144  11:08  Roach x2  
  144  11:10  Roach  
  152  11:13  Ravager  
  152  11:17  Roach x2  
  139  11:19  Roach  
  139  11:24  Hydralisk x2  
  139  11:25  Hydralisk, Roach  
  136  11:29  Hydralisk  
  132  11:38  Ravager x4  
  132  11:39  Roach x4  
  142  11:42  Roach  
  142  11:45  Roach x2  
  148  11:49  Roach x2  
  152  11:57  Roach x3  
  158  12:05  Roach x4  
  166  12:12  Roach x3  
  164  12:17  Roach x2  
  164  12:18  Ravager x2  
  164  12:21  Roach x2  
  172  12:28  Roach x3  
  178  12:31  Roach x2  
  182  12:38  Roach  
  182  12:39  Roach x2  
  188  12:48  Roach x4  
  188  12:49  Ravager x3  
  199  12:53  Ravager  
  200  13:05  Roach  
  200  13:11  Roach  
  200  13:19  Roach x6  
  195  13:29  Roach x2  
  189  13:41  Roach x9  
  189  13:44  Roach  
  189  13:45  Roach  
  184  13:49  Roach  
  184  13:55  Roach x2  
  167  13:58  Hydralisk  
  144  14:06  Hydralisk x3  
  132  14:14  Hydralisk  
  132  14:15  Hydralisk  
  130  14:17  Hydralisk  
  130  14:24  Hatchery  
  131  14:26  Hydralisk x2  
  131  14:29  Hydralisk  
  137  14:35  Hydralisk  
  127  14:38  Hydralisk  
  127  14:40  Ravager x3  
  127  14:41  Ravager x2  
  130  14:55  Roach x5  
  130  14:59  Roach  
  142  15:01  Roach  
  142  15:05  Roach  
  146  15:11  Roach  
  146  15:12  Roach  
  146  15:14  Roach  
  152  15:18  Roach  
  154  15:23  Hydralisk  
  154  15:26  Ravager x3  
  159  15:29  Hydralisk  
  159  15:33  Hydralisk  
  163  15:38  Hydralisk  
  163  15:39  Hydralisk  
  167  15:44  Hydralisk  
  167  15:47  Hydralisk  
  167  15:49  Ravager x2  
  173  15:50  Ravager x2  
  173  15:53  Hydralisk  
  177  15:58  Hydralisk  
  177  16:01  Roach x2  
  177  16:04  Roach  
  185  16:07  Hydralisk  
  187  16:13  Overseer  
  187  16:16  Hydralisk x3  
  193  16:18  Hydralisk  
  197  16:25  Roach  
  197  16:26  Roach  
  190  16:33  Roach  
  190  16:37  Roach  
  192  16:44  Roach, Overlord  
  192  16:56  Overlord x2  
  192  17:13  Overlord  
  190  17:22  Overseer x2  
  188  17:23  Roach x10  
  188  17:28  Hydralisk x3  
  188  17:29  Roach  
  200  17:35  Zerg Ground Armor Level 2  
  200  18:04  Roach x10  
  196  18:07  Hydralisk x6  
  192  18:12  Hydralisk  
  192  18:13  Hydralisk x2  
  194  18:24  Overlord  
  194  18:25  Overlord  
  192  18:29  Hatchery  
  192  18:32  Overseer  
  191  18:39  Overlord  
  191  18:42  Ravager, Extractor  
  191  18:43  Hydralisk x4  
  191  18:46  Ravager  
  200  18:49  Overseer  
  200  19:05  Extractor  
  176  19:32  Hydralisk x10  
  188  19:38  Hydralisk x3  
  188  19:39  Hydralisk  
  188  19:41  Overlord  
  188  19:44  Hydralisk  
  192  19:48  Roach x2  
  196  19:56  Roach x2  
  200  20:02  Hatchery  
  191  20:18  Roach x6  
  187  20:23  Roach x9  
  187  20:25  Roach  
  172  20:31  Roach x3  
  178  20:38  Roach x3  
  178  20:40  Extractor  
  178  20:41  Roach  
  185  20:47  Roach x3, Extractor  
  190  20:52  Roach x2  
  190  20:58  Roach  
  190  20:59  Roach x2  
  190  21:03  Roach  
  198  21:06  Overseer  
  198  21:08  Drone  
  198  21:09  Drone  
  200  21:44  Infestation Pit  
  200  21:46  Tunneling Claws  
  199  21:47  Burrow  
  199  21:52  Hatchery  
  198  21:59  Spine Crawler  
  193  22:02  Hydralisk x5  
  197  22:42  Hydralisk x3  
  195  22:59  Hydralisk x3  
  195  23:00  Hydralisk  
Show
View Real Time Build Order
Export as new Build Order

Guru Zerg 

Build Orders: Pool First 

Get SALT Encoding   

  12  0:01  Drone  
  13  0:12  Overlord  
  13  0:18  Drone  
  14  0:31  Drone x2  
  14  0:35  Drone  
  17  0:46  Spawning Pool  
  17  0:48  Extractor  
  15  0:51  Drone  
  15  0:56  Drone  
  17  1:06  Drone  
  18  1:21  Hatchery  
  17  1:32  Queen  
  17  1:35  Zergling x2  
  17  1:39  Zergling x2  
  21  1:48  Metabolic Boost  
  21  1:53  Overlord  
  21  2:01  Drone  
  22  2:13  Drone x2  
  24  2:18  Queen  
  26  2:34  Drone x3  
  29  2:43  Zergling x6  
  32  2:47  Baneling Nest  
  31  2:52  Zergling x4  
  33  3:01  Overlord  
  33  3:09  Drone x3  
  36  3:18  Queen  
  38  3:21  Drone x2  
  38  3:22  Drone x2  
  42  3:28  Overlord  
  42  3:32  Baneling x2  
  42  3:37  Drone x2  
  44  3:46  Drone x2  
  44  3:47  Drone  
  47  3:50  Drone  
  47  3:53  Zergling x2  
  47  3:54  Zergling x6  
  50  4:05  Zergling x2  
  50  4:06  Zergling x2  
  51  4:10  Lair  
  51  4:13  Overlord, Evolution Chamber  
  51  4:15  Roach Warren  
  51  4:16  Baneling  
  51  4:17  Drone  
  50  4:19  Drone  
  50  4:20  Drone  
  52  4:25  Overlord  
  52  4:30  Extractor  
  52  4:31  Extractor  
  50  4:33  Drone  
  50  4:34  Drone  
  50  4:36  Drone  
  50  4:37  Drone x2  
  55  4:38  Drone  
  55  4:39  Drone  
  55  4:42  Zerg Missile Weapons Level 1  
  55  4:45  Drone x2  
  58  4:50  Drone x2  
  61  5:01  Hatchery  
  60  5:14  Glial Reconstitution  
  60  5:20  Drone, Extractor  
  59  5:24  Overlord  
  59  5:32  Roach x4  
  67  5:37  Overlord  
  67  5:44  Roach x2  
  67  5:45  Roach x2  
  74  5:56  Roach x2  
  78  5:58  Roach x2  
  78  6:02  Roach x2  
  82  6:08  Roach  
  82  6:09  Roach  
  82  6:10  Drone  
  83  6:15  Drone x4, Spire  
  86  6:22  Drone x2  
  88  6:29  Queen  
  90  6:45  Extractor  
  90  6:46  Extractor  
  88  6:47  Drone  
  88  6:48  Drone  
  88  6:49  Overlord  
  90  6:55  Overlord  
  90  6:56  Overlord  
  90  6:59  Overlord  
  90  7:03  Overlord  
  90  7:05  Overlord  
  90  7:13  Drone x6  
  90  7:14  Drone x5  
  101  7:27  Mutalisk  
  101  7:28  Mutalisk x5  
  113  7:31  Mutalisk  
  115  7:37  Mutalisk  
  115  7:40  Mutalisk x2  
  115  7:43  Mutalisk x2  
  125  7:45  Mutalisk  
  125  7:47  Drone x2  
  125  7:48  Drone  
  130  7:57  Drone x3  
  130  7:58  Drone  
  134  8:00  Mutalisk x2  
  138  8:06  Overlord  
  138  8:14  Zerg Missile Weapons Level 2  
  138  8:16  Overlord  
  138  8:18  Hatchery  
  137  8:23  Overlord x3  
  137  8:28  Overlord  
  137  8:29  Zerg Flyer Weapons Level 1  
  137  8:30  Overlord  
  137  8:32  Overseer  
  137  8:44  Drone x5  
  137  8:47  Drone x2  
  144  8:49  Roach  
  144  8:50  Roach x6  
  144  8:51  Ravager  
  144  8:52  Ravager x4  
  163  9:01  Roach  
  163  9:02  Roach x5  
  171  9:12  Roach x2  
  171  9:13  Roach x4  
  183  9:21  Ravager  
  183  9:22  Ravager x2  
  183  9:23  Overlord x2  
  186  9:32  Roach x3  
  192  9:41  Spore Crawler, Drone, Infestation Pit, Evolution Chamber  
  190  9:46  Ravager  
  190  9:47  Roach x4  
  199  9:55  Roach  
  176  10:04  Roach x10  
  176  10:05  Roach x3  
  188  10:07  Roach  
  188  10:08  Roach  
  190  10:16  Roach x3  
  190  10:17  Roach x3  
  160  10:30  Roach  
  160  10:31  Roach x8  
  160  10:33  Roach  
  156  10:43  Roach  
  156  10:44  Roach  
  156  10:46  Roach  
  156  10:47  Roach x4  
  128  10:50  Roach x4  
  128  10:51  Roach  
  128  10:55  Roach  
  138  10:57  Roach  
  138  10:58  Roach x2  
  138  10:59  Roach  
  138  11:01  Roach  
  138  11:03  Roach  
  138  11:04  Roach  
  138  11:06  Roach x2  
  138  11:08  Roach  
  138  11:10  Queen  
  130  11:17  Roach  
  122  11:19  Roach x3  
  122  11:24  Roach x4  
  124  11:26  Roach x3  
  124  11:30  Roach  
  124  11:32  Roach x2  
  132  11:35  Ravager  
  132  11:36  Overseer  
  132  11:39  Roach  
  135  11:41  Roach  
  135  11:42  Roach  
  135  11:45  Roach  
  141  11:48  Queen  
  141  11:49  Queen  
  141  11:50  Roach  
  141  11:54  Zerg Ground Armor Level 1  
  151  12:01  Roach x2  
  151  12:07  Roach x2  
  147  12:18  Ravager x3  
  150  12:26  Roach x8  
  166  12:31  Roach x2  
  166  12:32  Roach  
  166  12:35  Roach x2  
  166  12:36  Overlord  
  166  12:37  Overlord  
  176  12:52  Extractor  
  176  12:53  Overlord  
  176  12:54  Overseer, Hydralisk Den  
  176  12:55  Roach x2  
  178  13:06  Roach  
  178  13:07  Roach x6, Overlord  
  192  13:13  Overlord  
  176  13:21  Roach x7  
  188  13:27  Roach  
  188  13:28  Roach x2  
  188  13:32  Roach  
  188  13:33  Roach x2  
  192  13:35  Roach  
  174  13:45  Roach x5  
  176  13:54  Roach  
  161  14:00  Roach  
  139  14:05  Roach  
  139  14:06  Roach x7  
  139  14:08  Roach  
  139  14:09  Roach  
  147  14:11  Roach  
  147  14:12  Roach x3  
  147  14:16  Muscular Augments  
  155  14:21  Roach x3  
  155  14:23  Roach  
  157  14:38  Hydralisk  
  153  14:39  Hydralisk x3  
  153  14:41  Hydralisk  
  153  14:42  Hydralisk x4  
  171  14:58  Hydralisk x3  
  177  15:04  Hydralisk  
  177  15:05  Hydralisk  
  181  15:07  Hatchery  
  181  15:08  Hydralisk  
  182  15:14  Hydralisk  
  182  15:15  Hydralisk  
  182  15:21  Hydralisk x2  
  186  15:25  Hydralisk  
  186  15:28  Grooved Spines  
  192  15:29  Pneumatized Carapace  
  192  15:30  Hydralisk  
  192  15:34  Hydralisk  
  196  15:36  Hydralisk  
  196  15:38  Hydralisk  
  178  16:33  Roach  
  178  16:34  Roach x10  
  178  16:37  Roach  
  178  16:38  Roach  
  198  16:42  Hydralisk x4  
  200  16:47  Overseer  
  200  16:48  Overseer  
  200  16:50  Hive  
  200  17:01  Lurker Den  
  200  17:05  Drone  
  196  17:26  Hydralisk  
  196  17:27  Hydralisk x7  
  190  17:30  Hydralisk x2  
  190  17:32  Overlord x2  
  190  17:34  Overlord  
  190  17:35  Overlord  
  190  17:39  Overseer  
  190  17:52  Roach x3  
  189  17:59  Roach  
  189  18:00  Roach x3  
  189  18:03  Roach x9  
  190  18:06  Roach  
  190  18:08  Roach x2  
  153  18:13  Roach x3  
  153  18:15  Roach x4  
  167  18:20  Roach x3  
  167  18:21  Roach  
  167  18:22  Roach  
  167  18:23  Roach x3  
  167  18:27  Roach x3, Zerg Ground Armor Level 2  
  189  18:28  Zerg Missile Weapons Level 3  
  189  18:34  Roach  
  189  18:35  Roach  
  189  18:39  Viper  
  189  18:40  Viper  
  199  18:55  Overseer x3  
  197  19:29  Hydralisk  
  197  19:30  Hydralisk x7  
  190  19:33  Roach  
  170  19:38  Roach x2  
  173  19:45  Roach x2  
  173  19:46  Roach  
  173  19:49  Roach  
  177  19:55  Roach  
  177  19:56  Roach  
  181  20:02  Roach  
  181  20:05  Roach x2  
  187  20:09  Extractor x2  
  187  20:11  Drone  
  187  20:12  Drone x3  
  187  20:13  Drone x2, Roach x2  
  189  20:15  Roach  
  173  20:27  Hydralisk  
  159  20:30  Roach  
  161  20:36  Hydralisk  
  161  20:41  Hydralisk  
  165  20:44  Hatchery  
  164  20:50  Hydralisk  
  164  20:51  Hydralisk  
  168  21:00  Hydralisk x2  
  165  21:05  Overlord  
  165  21:11  Hatchery  
  164  21:12  Hydralisk  
  166  21:20  Roach x2  
  166  21:24  Roach  
  173  21:28  Roach  
  174  21:33  Roach  
  174  21:38  Roach  
  178  21:45  Roach  
  180  21:54  Roach x2  
  184  21:55  Roach  
  184  21:56  Overlord  
  182  22:02  Roach  
  182  22:06  Roach  
  184  22:10  Spore Crawler  
  184  22:11  Overlord  
  184  22:13  Overlord  
  179  22:16  Roach x2  
  179  22:18  Roach  
  179  22:19  Hatchery  
  179  22:20  Extractor  
  179  22:22  Extractor  
  182  22:24  Roach  
  182  22:33  Roach  
  182  22:34  Roach  
  175  22:40  Roach  
  175  22:41  Roach  
  171  22:46  Roach  
  168  22:51  Drone x2  
  168  22:52  Drone x4  
Tags
 
Add a new tag
Caveats
  • Supply blocks, unpowered buildings, or Contaminate may cause inaccurate times.
  • Supply counts are checked every 10 seconds.